 Dungeon Sprint DCSS version 0.31-a0-1469-gd420192249 (webtiles) character file.

Game seed: 5824259261880470747

4832 fozzywoppz the Warrior (level 10, -1/78 HPs)
             Began as a Gargoyle Fighter on Dec 28, 2023.
             Was a Believer of Okawaru.
             Slain by an ice dragon (9 damage)
             ... in the Dungeon (Sprint II: "The Violet Keep of Menkaure").
             The game lasted 00:06:26 (1339 turns).

fozzywoppz the Warrior (Gargoyle Fighter)           Turns: 1339, Time: 00:06:27

Health: -1/78      AC: 17    Str: 21    XL:     10   Next: 49%
Magic:  19/19      EV: 12    Int: 10    God:    Okawaru [**....]
Gold:   950        SH:  6    Dex:  9    Spells: 9/9 levels left

rFire   . . .        a - +0 flail
rCold   . . .        c - +0 buckler
rNeg    + . .        b - +0 scale mail
rPois   ∞            (no helmet)
rElec   +            v - +0 cloak
rCorr   .            (no gloves)
SInv    .            (no boots)
Will    .....        (no amulet)
Stlth   +++          (no ring)
HPRegen 0.33/turn    (no ring)
MPRegen 0.16/turn

%: no teleportation
@: heroic, flying
A: sickness immunity, AC +7, negative energy resistance 1, electricity
resistance, torment resistance 1, petrification resistance, big wings, clumsy 1
a: Renounce Religion, Heroism


You were in the Dungeon.
You worshipped Okawaru.
Okawaru was pleased with you.
You visited 1 branch You collected 1299 gold pieces.
You spent 349 gold pieces at shops.

Inventory:

Hand Weapons
 a - a +0 flail (weapon)
Missiles
 l - 2 throwing nets
 u - 2 curare-tipped darts
Armour
 b - a +0 scale mail (worn)
 c - a +0 buckler (worn)
 v - a +0 cloak (worn)
Scrolls
 d - a scroll of poison {unknown}
 j - 2 scrolls of blinking
 k - 2 scrolls of silence {unknown}
 n - a scroll of amnesia {unknown}
 o - a scroll of revelation {unknown}
 p - a scroll of enchant armour {unknown}
 q - 3 scrolls of identify {unknown}
 t - a scroll of fog {unknown}
Potions
 e - 2 potions of curing
 f - a potion of might
 g - a potion of mutation
 h - 6 potions of magic
 i - a potion of cancellation {unknown}
 m - 5 potions of enlightenment {unknown}
 r - a potion of invisibility {unknown}
 s - 3 potions of resistance {unknown}


   Skills:
 + Level 15.7(20.7) Fighting
 - Level 14.0(19.0) Maces & Flails
 - Level 5.0(10.0) Armour
 - Level 5.0(10.0) Dodging
 - Level 5.0(10.0) Stealth
 - Level 5.0(10.0) Shields
 + Level 12.5 Invocations


You had 9 spell levels left.
You didn't know any spells.
Your spell library contained the following spells:

 Spells                   Type           Power      Damage    Failure   Level
 Inner Flame              Hex/Fire       0%         N/A       97%         3
 Dimensional Bullseye     Hex/Tloc       0%         N/A       100%        4
 Iskenderun's Mystic Bla  Conj/Tloc      0%         2d3       100%        4
 Irradiate                Conj/Alch      0%         3d11      100%        5
 Ignition                 Fire           0%         3d3       100%        8
 Tukima's Dance           Hex            Unusable   N/A       N/A         3

Dungeon Overview and Level Annotations

Branches:
Dungeon (1/1)

Altars:
Cheibriados
Dithmenos
Elyvilon
Fedhas
Gozag
Hepliaklqana
Kikubaaqudgha
Makhleb
Nemelex Xobeh
Okawaru
Qazlal
Ru
Sif Muna
Trog
Uskayaw
Vehumet
Wu Jian
Xom
Yredelemnul
Zin
The Shining One
Jiyva
Lugonu

Shops:
D *:(([*==[=!?:[!

Annotations:
D exclusions: obsidian statue and oklob plant


Innate Abilities, Weirdness & Mutations

You are immune to sickness and miasma.
Your stone body is resilient. (AC +7)
You are immune to poison.
You resist negative energy. (rN+)
You are resistant to electric shocks. (rElec)
You are resistant to unholy torment.
You are immune to petrification.
Your large and strong wings let you fly.
You are clumsy. (Dex -2)


Message History

The ice dragon is moderately wounded.
The ice dragon bites you but does no damage.
The ice dragon misses you.
The ice dragon tramples you but does no damage.
You thump the ice dragon!
The ice dragon is moderately wounded.
You hit the ice dragon but do no damage.
The ice dragon is moderately wounded.
The ice dragon breathes frost at you. The blast of cold misses you.
You hit the ice dragon but do no damage.
The ice dragon is moderately wounded.
The ice dragon bites you but does no damage.
The ice dragon claws you. The ice dragon closely misses you.
You hit the ice dragon.
The ice dragon is moderately wounded.
The ice dragon breathes frost at you. The blast of cold hits you!!
* * * LOW HITPOINT WARNING * * *
You hit the ice dragon but do no damage.
The ice dragon is moderately wounded.
Unknown command.
The ice dragon fails to trigger a net trap.
You hit the ice dragon.
The ice dragon is moderately wounded.
The ice dragon closely misses you. x3
You sock the ice dragon!
The ice dragon is heavily wounded.
The ice dragon bites you.
* * * LOW HITPOINT WARNING * * *
The ice dragon claws you.
* * * LOW HITPOINT WARNING * * *
The ice dragon closely misses you.
It was a potion of mutation.
You feel extremely strange.
Your urge to scream lessens.
Your urge to shout disappears.
You feel clumsy.
Your wings grow larger and stronger.
The ice dragon bites you.
* * * LOW HITPOINT WARNING * * *
The ice dragon claws you!
You die...

≈≈≈≈≈≈≈≈## ▓▓+▓▓▓▓.▓
§°○≈○≈≈≈≈##++# +.°.▓0..▓
○°○≈≈≈≈≈# ...### #..○▓▓▓▓▓▓▓▓▓▓
§§○SSS≈# ....# #.○.▓≈≈≈≈§≈≈≈▓▓
'○○#''°## ^..# ##°°▓▓▓▓▓▓▓▓▓▓▓
.○...○..# ..# .#|[▓.).)....▓▓
.##'## ####.# .#:[▓.(....(.▓▓
##.#.##.####[['.##.#:[▓.)......▓▓
#..#..# ...#.$#D@.####▓()......▓▓
##...####..#####..##.#▓)(......▓▓
###'###.##..#.)'..#..#▓...)....▓▓
###.##.#.#..#..#..#..#▓[).(....▓▓
.'.<.'##.'..####..##.#▓.)[.)...▓▓
###.###..#....###.††##▓▓▓▓▓▓▓'▓▓▓
###'###.##......~~~~~~~~~~~~†...≈
##.).####~~....§~#'########+###.≈
#..#..#~~~~~~§..~#)...._._#~~§##≈


You could see an ice dragon (catching breath).

Vanquished Creatures
  A kraken (D)
  A death drake (D)
  A merfolk siren (D)
  A yaktaur (D)
  3 polar bears (D)
  A hornet (D)
  4 neqoxecs (D)
  Menkaure (D)
  2 swamp drakes (D)
  3 crocodiles (D)
  4 necrophages (D)
  4 scorpions (D)
  4 tentacles (D)
30 creatures vanquished.

Vanquished Creatures (others)
  A death drake (D)
  2 polar bears (D)
  A crocodile (D)
  5 tentacles (D)
9 creatures vanquished.

Grand Total: 39 creatures vanquished

Notes
Turn   | Place    | Note
-------+----------+-------------------------------------------
     0 | D        | fozzywoppz the Gargoyle Fighter began the quest for the
                  | Orb.
     0 | D        | Reached XP level 1. HP: 14/14 MP: 1/1
     1 | D        | Noticed a merfolk siren
    19 | D        | Killed a merfolk siren
    20 | D        | Reached skill level 10 in Fighting
    20 | D        | Reached skill level 5 in Armour
    20 | D        | Reached skill level 5 in Shields
    20 | D        | Reached XP level 2. HP: 13/28 MP: 2/2
    20 | D        | Reached XP level 3. HP: 14/32 MP: 3/3
    20 | D        | Reached XP level 4. HP: 17/37 MP: 4/4
    20 | D        | Reached XP level 5. HP: 19/42 MP: 5/5
    20 | D        | Reached XP level 6. HP: 22/48 MP: 6/6
   113 | D        | Noticed a neqoxec
   113 | D        | Noticed a neqoxec
   120 | D        | Noticed a neqoxec
   122 | D        | Killed a neqoxec
   123 | D        | Reached XP level 7. HP: 52/52 MP: 5/7
   128 | D        | Killed a neqoxec
   129 | D        | Reached skill level 10 in Maces & Flails
   129 | D        | Reached skill level 5 in Stealth
   134 | D        | Gained mutation: You occasionally shout uncontrollably at
                  | your foes. [a neqoxec]
   136 | D        | Killed a neqoxec
   253 | D        | Reached skill level 5 in Dodging
   261 | D        | Reached XP level 8. HP: 47/57 MP: 8/8
   348 | D        | Gained mutation: You frequently scream uncontrollably at
                  | your foes. [a neqoxec]
   443 | D        | Found Cegioff's Distillery.
   443 | D        | Found Wewagyets's Magic Scroll Shoppe.
   443 | D        | Found Oschodyf's Antique Armour Shoppe.
   443 | D        | Found Ybli's Distillery.
   444 | D        | Found Deaq's Book Emporium.
   444 | D        | Found Bioschobi's Antique Armour Shoppe.
   444 | D        | Found Niss's Jewellery Emporium.
   444 | D        | Found Deckusua's Jewellery Shoppe.
   444 | D        | Noticed Menkaure
   459 | D        | Killed Menkaure
   460 | D        | Found Jaculuucs's Jewellery Emporium.
   461 | D        | Found Tut Dux's General Store.
   461 | D        | Found Aqyr's Antique Armour Shoppe.
   461 | D        | Noticed an iron elemental
   462 | D        | Found Urayn's Weapon Shoppe.
   462 | D        | Found Ziastoepp's Antique Weapon Emporium.
   462 | D        | Noticed an oklob plant
   463 | D        | Found Arro's Assorted Antiques.
   463 | D        | Found Ycsarph's Book Shoppe.
   477 | D        | Bought a scroll of blinking for 97 gold pieces
   478 | D        | Bought 2 potions of heal wounds for 140 gold pieces
   478 | D        | Bought 2 potions of might for 112 gold pieces
   505 | D        | Found a snail-covered altar of Cheibriados.
   506 | D        | Found a shadowy altar of Dithmenos.
   506 | D        | Found a viscous altar of Jiyva.
   507 | D        | Found a white marble altar of Elyvilon.
   507 | D        | Found an ancient bone altar of Kikubaaqudgha.
   508 | D        | Found a blossoming altar of Fedhas.
   508 | D        | Found a corrupted altar of Lugonu.
   508 | D        | Found a shimmering blue altar of Sif Muna.
   509 | D        | Found an opulent altar of Gozag.
   509 | D        | Found a burning altar of Makhleb.
   509 | D        | Found a bloodstained altar of Trog.
   510 | D        | Found a sparkling altar of Nemelex Xobeh.
   510 | D        | Found a hide-covered altar of Uskayaw.
   511 | D        | Found a basalt altar of Yredelemnul.
   512 | D        | Found an iron altar of Okawaru.
   512 | D        | Found a radiant altar of Vehumet.
   512 | D        | Found a glowing silver altar of Zin.
   512 | D        | Found a hazy altar of Hepliaklqana.
   512 | D        | Found a sacrificial altar of Ru.
   512 | D        | Found a shimmering altar of Xom.
   512 | D        | Noticed a hornet
   512 | D        | Noticed a polar bear
   512 | D        | Noticed a polar bear
   512 | D        | Noticed a yaktaur
   513 | D        | Found a stormy altar of Qazlal.
   513 | D        | Found an ornate altar of the Wu Jian Council.
   513 | D        | Found a glowing golden altar of the Shining One.
   514 | D        | Noticed a polar bear
   523 | D        | Became a worshipper of Warmaster Okawaru
   547 | D        | Killed a hornet
   552 | D        | Killed a polar bear
   553 | D        | Reached skill level 11 in Fighting
   553 | D        | Reached XP level 9. HP: 41/64 MP: 8/12
   560 | D        | Killed a yaktaur
   560 | D        | Reached * piety under Okawaru
   570 | D        | Killed a polar bear
   571 | D        | Reached skill level 12 in Fighting
   581 | D        | Killed a polar bear
   591 | D        | Noticed a kraken
   599 | D        | HP: 2/67 [tentacle[a kraken] (6)]
   851 | D        | Killed a kraken
   851 | D        | Reached ** piety under Okawaru
   852 | D        | Reached skill level 14 in Fighting
   852 | D        | Reached skill level 10 in Invocations
   852 | D        | Reached XP level 10. HP: 24/75 MP: 15/17
  1088 | D        | Noticed an obsidian statue
  1117 | D        | Noticed a death drake
  1119 | D        | Noticed a death drake
  1152 | D        | Killed a death drake
  1153 | D        | Reached skill level 15 in Fighting
  1157 | D        | Killed a death drake
  1173 | D        | Reached *** piety under Okawaru
  1320 | D        | Noticed an ice dragon
  1339 | D        | Lost mutation: You frequently scream uncontrollably at your
                  | foes. [potion of mutation]
  1339 | D        | Lost mutation: You occasionally shout uncontrollably at
                  | your foes. [potion of mutation]
  1339 | D        | Gained mutation: You are clumsy. (Dex -2) [potion of
                  | mutation]
  1339 | D        | Gained mutation: Your large and strong wings let you fly.
                  | [potion of mutation]
  1339 | D        | Slain by an ice dragon

Illustrated notes

Levels and vault maps discovered:
D:        the_violet_keep_of_menkaure [sprint2_stairs_cluster_1,
          sprint2_shoproom, sprint2_temple, sprint2_basic_supplies,
          sprint2_obstacle_4, sprint2_obstacle_3, sprint2_obstacle_5,
          sprint2_obstacle_1, sprint2_obstacle_6, sprint2_timed_cluster_1,
          sprint2_smallroom_cluster_1, sprint2_smallroom_final_cluster_1,
          sprint2_transparent_cluster_1, sprint2_second_timed_cluster_1,
          sprint2_sniper_area_1, sprint2_heavy_combat_area_1,
          sprint2_mutation_trap_area_1, sprint2_forest_area_1,
          sprint2_light_combat_area_1, sprint2_behind_water_1,
          sprint2_near_end_vault_1]

Skill      XL: |  1  2  3  4  5  6  7  8  9 10 |
---------------+-------------------------------+-----
Fighting       | 10 11 14 15 | 15.7
Maces & Flails | 9 12 14 | 14.0
Armour         | 5 |  5.0
Shields        | 5 |  5.0
Dodging        | 2 5 |  5.0
Stealth        | 3 5 |  5.0
Invocations    | 4 10 12 | 12.5

Action                     |  1- 3 |  4- 6 |  7- 9 | 10-12 || total
---------------------------+-------+-------+-------+-------++-------
  Melee: Flail             |    15 |     7 |   128 |    71 ||   221
 Invoke: Heroism           |       |       |     1 |     2 ||     3
    Use: Potion            |     1 |     1 |     6 |     2 ||    10
         Scroll            |       |       |     1 |       ||     1
   Stab: Sleeping          |       |       |     1 |       ||     1
         Confused          |       |       |       |     1 ||     1
 Armour: Scale mail        |     2 |     2 |    84 |    48 ||   136
  Dodge: Dodged            |     2 |       |    47 |    33 ||    82
  Block: Buckler           |       |     1 |    13 |    21 ||    35

Table legend: (Time is in decaauts)
 A = Elapsed time spent in this place.
 B = Non-inter-level travel time spent in this place.
 C = Inter-level travel time spent in this place.
 D = Time resting spent in this place.
 E = Time spent auto-exploring this place.
 F = Levels seen in this place.
 G = Mean time per level.
                   A        B        C        D        E       F      G
               +--------+--------+--------+--------+--------+-----+--------+
         Total |   1340 |   1340 |      0 |    683 |      0 |   1 | 1340.0 |
       Dungeon |   1340 |   1340 |      0 |    683 |      0 |   1 | 1340.0 |
               +--------+--------+--------+--------+--------+-----+--------+

Top non-repeatable levels by time:
       D: 1340 daAuts
